[Event "Titled Tuesday Blitz April 26 Early 2022"]
[White "Matamoros Franco, Carlos S."]
[Black "Pourkashiyan, Atousa"]
[WhiteFideId "3600017"]
[BlackFideId "12502014"]
[WhiteElo "2554"]
[BlackElo "2247"]
[Result "1-0"]
[Round "09"]
[TimeControl "180+1"]
[Date "2022.04.26"]
[WhiteClock "0:00:18"]
[BlackClock "0:01:03"]

1. c4 e6 2. g3 d5 3. Bg2 Nf6 4. Nf3 Be7 5. O-O d4 6. e3 c5 7. exd4 cxd4 8. Ne5 Nbd7 9. Nxd7 Nxd7 10. d3 e5 11. Re1 O-O 12. Nd2 f6 13. a3 Nc5 14. Ne4 a5 15. f4 Qc7 16. fxe5 fxe5 17. Qe2 Nxe4 18. Bxe4 Bf5 19. Bd2 Bxe4 20. Qxe4 Bd6 21. b4 axb4 22. axb4 Qc6 23. Rxa8 Rxa8 24. Qxc6 bxc6 25. Kf1 Ra2 26. Rd1 Rb2 27. c5 Bc7 28. Ke2 Kf7 29. Ra1 Ke6 30. Ra8 h5 31. Rc8 Kd7 32. Rg8 h4 33. Rxg7+ Kc8 34. gxh4 e4 35. dxe4 Bf4 36. h5 Rxd2+ 37. Kf3 Be3 38. e5 Rxh2 39. e6 Rxh5 40. Rg8+ Kc7 41. e7 Re5 42. e8=Q Rxe8 43. Rxe8 Bd2 44. Ke4 Bc3 45. Re7+ Kd8 46. Re6 Kd7 47. Rd6+ Kc7 48. Rxd4 Bxd4 49. Kxd4 Kd7 50. Kc4 Kc7 51. Kd4 Kd7 52. Ke5 Ke7 53. Kf5 Kf7 54. Kg5 Kg7 55. b5 cxb5 56. c6 1-0


[Site "https://www.chess.com"]

[Event "Titled Tuesday Blitz April 26 Early 2022"]
[White "Matveeva, Olga"]
[Black "Ianov, Viktor"]
[WhiteFideId "24107018"]
[BlackFideId "14102730"]
[WhiteElo "2083"]
[BlackElo "2161"]
[Result "0-1"]
[Round "09"]
[TimeControl "180+1"]
[Date "2022.04.26"]
[WhiteClock "0:00:15"]
[BlackClock "0:00:49"]

1. d4 d6 2. Nf3 g6 3. c4 Bg7 4. g3 Nf6 5. Bg2 O-O 6. O-O c6 7. Nc3 Bf5 8. Nh4 Be6 9. Qd3 d5 10. cxd5 cxd5 11. f4 Nc6 12. f5 Bc8 13. Bg5 e6 14. fxg6 fxg6 15. Rad1 Qa5 16. Nxg6 hxg6 17. Qxg6 Ne7 18. Qd3 Bd7 19. e4 dxe4 20. Nxe4 Bb5 21. Nxf6+ Rxf6 22. Qb3 Bxf1 23. Bxf6 Bxg2 24. Qxe6+ Kh7 25. Bxg7 Ng6 26. Bf6 Qd5 27. Qxd5 Bxd5 28. Rc1 Bc6 29. h4 Rf8 30. Bg5 Rf3 31. d5 Bxd5 32. Rc7+ Kg8 33. Kh2 Ne5 34. h5 Rf5 35. Bf4 Rxh5+ 36. Kg1 Nd3 37. Bd6 Rh1# 0-1


[Site "https://www.chess.com"]

[Event "Titled Tuesday Blitz April 26 Early 2022"]
[White "Melikhov, Evgeny V."]
[Black "Dixit, Nikhil"]
[WhiteFideId "4122046"]
[BlackFideId "5059534"]
[WhiteElo "1931"]
[BlackElo "2223"]
[Result "0-1"]
[Round "09"]
[TimeControl "180+1"]
[Date "2022.04.26"]
[WhiteClock "0:00:01"]
[BlackClock "0:00:37"]

1. d4 Nf6 2. c4 g6 3. Nc3 Bg7 4. e4 d6 5. f3 O-O 6. Be3 c5 7. Nge2 Nc6 8. d5 Ne5 9. Ng3 e6 10. Be2 exd5 11. cxd5 h5 12. O-O h4 13. Nh1 a6 14. a4 Rb8 15. Nf2 h3 16. g3 Re8 17. f4 Ned7 18. Qd2 b5 19. Bf3 b4 20. Ncd1 Nb6 21. Rc1 a5 22. b3 Bb7 23. Nb2 Nfxd5 24. exd5 Rxe3 25. Qxe3 Bxb2 26. Rcd1 Bc3 27. Nxh3 Ba6 28. Ng5 Bxf1 29. Kxf1 c4 30. bxc4 Nxc4 31. Qd3 Nb2 32. Qe4 Nxd1 33. Bxd1 b3 34. Kg2 b2 35. Bc2 Qe8 36. Qd3 Qe1 37. Nxf7 Qd2+ 38. Qxd2 Bxd2 39. Nxd6 b1=Q 40. Bxb1 Rxb1 41. Nc4 Bb4 42. d6 Rd1 43. Kf3 Bxd6 44. Nxa5 Ra1 45. Nc4 Bc5 46. a5 Ra4 47. Ne5 Kg7 48. Kg4 Rxa5 49. h4 Bd6 50. Nf3 Rd5 51. Ng5 Be7 52. Ne6+ Kf6 53. Nc7 Rd1 54. h5 gxh5+ 55. Kxh5 Bc5 56. Kg4 Rd3 57. Ne8+ Ke7 58. Ng7 Bf2 59. Nf5+ Kf6 0-1


[Site "https://www.chess.com"]

[Event "Titled Tuesday Blitz April 26 Early 2022"]
[White "Menna Barreto, Felipe Kubiaki"]
[Black "Murthy, Pappu"]
[WhiteFideId "2119757"]
[BlackFideId "2013401"]
[WhiteElo "2261"]
[BlackElo "1974"]
[Result "1-0"]
[Round "09"]
[TimeControl "180+1"]
[Date "2022.04.26"]
[WhiteClock "0:01:24"]
[BlackClock "0:00:07"]

1. d4 Nf6 2. Nf3 e6 3. Bg5 Be7 4. Nbd2 d5 5. e3 Nbd7 6. Bd3 b6 7. c3 Nh5 8. h4 Bb7 9. g4 Nhf6 10. Ne5 Nxe5 11. dxe5 Nd7 12. Bf4 c5 13. h5 h6 14. Nf3 c4 15. Bc2 Nc5 16. Nd4 Qd7 17. Qe2 O-O-O 18. O-O-O Kb8 19. Kb1 Ka8 20. Rhg1 Rc8 21. g5 hxg5 22. Bxg5 Rcg8 23. f4 Ba6 24. Rg2 Nd3 25. Rdg1 g6 26. hxg6 Rxg6 27. Bxe7 Rxg2 28. Qxg2 Qxe7 29. e4 Bb7 30. exd5 Bxd5 31. Qg7 Rh2 32. Qg8+ Kb7 33. Nb5 Nxf4 34. Nd6+ Ka6 35. Qc8+ Ka5 36. b4+ cxb3 37. axb3 1-0


[Site "https://www.chess.com"]

[Event "Titled Tuesday Blitz April 26 Early 2022"]
[White "Migot, Tangi"]
[Black "Lach, Aleksandra"]
[WhiteFideId "662445"]
[BlackFideId "1134299"]
[WhiteElo "2527"]
[BlackElo "2172"]
[Result "0-1"]
[Round "09"]
[TimeControl "180+1"]
[Date "2022.04.26"]
[WhiteClock "0:00:26"]
[BlackClock "0:00:13"]

1. e4 c5 2. Nc3 Nc6 3. Bc4 g6 4. d3 Bg7 5. a3 e6 6. h4 h5 7. Bg5 Nge7 8. Ba2 Ne5 9. Nge2 O-O 10. Qd2 b5 11. Nxb5 Rb8 12. Nd6 Ba6 13. Rb1 Rb6 14. Nc4 Bxc4 15. Bxc4 Nxc4 16. dxc4 f6 17. Bh6 Qc7 18. Bxg7 Kxg7 19. O-O Rd6 20. Qc3 Nc6 21. Rbd1 Rf7 22. b3 Ne5 23. Ng3 Ng4 24. Qf3 f5 25. Rxd6 Qxd6 26. Rd1 Qe5 27. exf5 exf5 28. Qe2 Qf4 29. Qd2 Qe5 30. Re1 Qc7 31. Qd5 Qf4 32. Qxc5 d6 33. Qd5 Qxf2+ 34. Kh1 Qxe1+ 0-1


[Site "https://www.chess.com"]

[Event "Titled Tuesday Blitz April 26 Early 2022"]
[White "Mikhnenko, Alexander"]
[Black "Kim, Sergey"]
[WhiteFideId "34143014"]
[BlackFideId "13700570"]
[WhiteElo "2117"]
[BlackElo "2524"]
[Result "1-0"]
[Round "09"]
[TimeControl "180+1"]
[Date "2022.04.26"]
[WhiteClock "0:00:08"]
[BlackClock "0:00:23"]

1. e4 e5 2. Nf3 Nc6 3. Bb5 a6 4. Ba4 Nf6 5. Qe2 b5 6. Bb3 Bc5 7. d3 d6 8. Bg5 h6 9. Bh4 g5 10. Bg3 Bg4 11. c3 Qe7 12. Nbd2 Bb6 13. Nf1 Na5 14. Bc2 Be6 15. Ne3 c5 16. h4 g4 17. Nh2 h5 18. O-O c4 19. Rad1 Qa7 20. d4 exd4 21. cxd4 Bxd4 22. Nf5 Bxf5 23. exf5+ Kf8 24. Bxd6+ Kg7 25. Qd2 Nc6 26. Qg5+ Kh7 27. Bf4 Nb4 28. Bb1 Nbd5 29. Bc1 Be5 30. Rfe1 Qc7 31. Nf1 Bf4 32. Bxf4 Qxf4 33. Ng3 Rhg8 34. Nxh5 Rxg5 35. Nxf4 Nxf4 36. hxg5 N6d5 37. g3 Nh3+ 38. Kg2 Nb4 39. Re4 Nxg5 40. Rxg4 f6 41. Rd7+ Kh8 42. f4 Nh7 43. Rh4 Re8 44. Rdxh7+ Kg8 45. Rh8+ Kf7 46. R4h7# 1-0


[Site "https://www.chess.com"]

[Event "Titled Tuesday Blitz April 26 Early 2022"]
[White "Minko, Dmitry"]
[Black "Buscar, Michael"]
[WhiteFideId "24188468"]
[BlackFideId "2603616"]
[WhiteElo "1928"]
[BlackElo "2010"]
[Result "1-0"]
[Round "09"]
[TimeControl "180+1"]
[Date "2022.04.26"]
[WhiteClock "0:00:05"]
[BlackClock "0:00:14"]

1. e4 c5 2. Nf3 Nc6 3. d4 cxd4 4. Nxd4 Nf6 5. Nc3 e5 6. Ndb5 h6 7. Nd6+ Bxd6 8. Qxd6 Qe7 9. Nb5 Qxd6 10. Nxd6+ Ke7 11. Nf5+ Kf8 12. Nd6 Nd4 13. Bd3 Ke7 14. c3 Ne6 15. Nf5+ Kf8 16. b3 g6 17. Ba3+ Kg8 18. Ne3 Kg7 19. Bd6 Nf4 20. Bc2 Re8 21. g3 N4h5 22. Nc4 b5 23. Nxe5 Bb7 24. f3 Re6 25. O-O-O Rc8 26. f4 Rxc3 27. Bb4 Rxc2+ 28. Kxc2 Bxe4+ 29. Kb2 Bxh1 30. Rxh1 d6 31. Nc6 Nd5 32. Ba5 a6 33. Rd1 Re2+ 34. Ka3 Nhf6 35. Nb4 Nxb4 36. Bxb4 d5 37. Bc3 Rxh2 38. Rxd5 Rc2 39. Be5 Rc6 40. Kb4 Kf8 41. Rd6 Rxd6 42. Bxd6+ Ke8 43. Ka5 Ne4 44. Bb8 Nxg3 45. Kxa6 h5 46. Kxb5 Nf5 47. a4 h4 48. Ba7 Kd7 49. a5 Kc7 50. Bg1 Kb7 51. a6+ Ka8 52. Kc6 h3 53. b4 Nd4+ 54. Kc7 Nf3 55. b5 Nxg1 56. b6 h2 57. b7+ Ka7 58. b8=Q+ Kxa6 59. Qb6# 1-0


[Site "https://www.chess.com"]

[Event "Titled Tuesday Blitz April 26 Early 2022"]
[White "Mirzoev, Azer"]
[Black "Moskalenko, Alexander"]
[WhiteFideId "13400304"]
[BlackFideId "4155351"]
[WhiteElo "2525"]
[BlackElo "2434"]
[Result "1-0"]
[Round "09"]
[TimeControl "180+1"]
[Date "2022.04.26"]
[WhiteClock "0:00:06"]
[BlackClock "0:00:04"]

1. d4 d5 2. Nf3 e6 3. Bf4 c5 4. e3 Bd6 5. c3 Ne7 6. Nbd2 Qc7 7. Bxd6 Qxd6 8. Bd3 Nbc6 9. O-O e5 10. dxe5 Nxe5 11. Nxe5 Qxe5 12. Bb5+ Nc6 13. c4 O-O 14. cxd5 Qxd5 15. Nc4 Qxd1 16. Rfxd1 Be6 17. Nd6 Rab8 18. a3 Na5 19. Ne4 Nb3 20. Rab1 Rfd8 21. f3 h6 22. Be2 Bf5 23. Bd3 Be6 24. Bc2 b6 25. Rxd8+ Rxd8 26. Rd1 Rb8 27. Kf2 f5 28. Nc3 Kf8 29. Rd6 Bf7 30. Bxf5 Na5 31. Rd7 Nc4 32. Nd1 a6 33. f4 a5 34. Bd3 b5 35. g4 Nb6 36. Rc7 c4 37. Be4 b4 38. axb4 axb4 39. g5 hxg5 40. fxg5 Na4 41. Bc6 Nc5 42. e4 Be6 43. Bd5 Bxd5 44. exd5 Nd3+ 45. Ke3 Ne5 46. Kd4 Nf3+ 47. Kxc4 Nxg5 48. Ne3 Ne4 49. Nf5 b3 50. Nxg7 Nd6+ 51. Kc5 Ne4+ 52. Kd4 Rb4+ 53. Ke5 Nd2 54. Ne6+ Ke8 55. d6 Nc4+ 56. Kd5 Ne3+ 57. Kc5 Rc4+ 58. Kb6 Nd5+ 59. Kb7 Nxc7 60. dxc7 Kd7 61. Nf8+ Ke7 62. c8=Q Rxc8 63. Kxc8 Kxf8 64. Kc7 Kg7 65. Kc6 1-0


[Site "https://www.chess.com"]

[Event "Titled Tuesday Blitz April 26 Early 2022"]
[White "Moiseenko, Alexander"]
[Black "Vlassov, Nikolai"]
[WhiteFideId "14102560"]
[BlackFideId "4103360"]
[WhiteElo "2577"]
[BlackElo "2407"]
[Result "1-0"]
[Round "09"]
[TimeControl "180+1"]
[Date "2022.04.26"]
[WhiteClock "0:00:15"]
[BlackClock "0:00:02"]

1. d4 Nf6 2. Bg5 e6 3. e4 h6 4. Bxf6 Qxf6 5. c3 d5 6. Bd3 c5 7. Nf3 Nc6 8. O-O Qd8 9. Re1 Be7 10. exd5 Qxd5 11. Be4 Qh5 12. Bxc6+ bxc6 13. Qa4 O-O 14. Qxc6 Rb8 15. Nbd2 cxd4 16. Nxd4 Rxb2 17. Nc4 Bb7 18. Qc7 Qg5 19. Qg3 Rb6 20. Qxg5 hxg5 21. Nxb6 axb6 22. Reb1 Bc5 23. a4 Be4 24. Rb2 Ra8 25. h3 Kf8 26. Rb5 Rc8 27. Nb3 Be7 28. Rxb6 f5 29. Nd4 Rxc3 30. Nxe6+ Kf7 31. a5 Bd5 32. a6 Bxe6 33. Rxe6 1-0


[Site "https://www.chess.com"]

[Event "Titled Tuesday Blitz April 26 Early 2022"]
[White "Molina, Roberto Junio Brito"]
[Black "Schekachikhin, Maksim"]
[WhiteFideId "2109450"]
[BlackFideId "24177830"]
[WhiteElo "2432"]
[BlackElo "2230"]
[Result "1/2-1/2"]
[Round "09"]
[TimeControl "180+1"]
[Date "2022.04.26"]
[WhiteClock "0:00:20"]
[BlackClock "0:00:16"]

1. d4 Nf6 2. e3 c5 3. Nf3 b6 4. Bd3 Bb7 5. O-O g6 6. c4 cxd4 7. Nxd4 Bg7 8. b3 O-O 9. Bb2 d5 10. Nc3 e5 11. Nde2 Na6 12. cxd5 Nb4 13. e4 a5 14. Bc4 Ne8 15. a3 Na6 16. Nb5 Nac7 17. Nec3 Nxb5 18. Nxb5 Nd6 19. Nxd6 Qxd6 20. Qe2 a4 21. b4 f5 22. f3 h5 23. Rfe1 f4 24. Rac1 g5 25. Bb5 g4 26. fxg4 f3 27. gxf3 hxg4 28. fxg4 Rf4 29. Rf1 Bh6 30. Rxf4 Bxf4 31. Rf1 Rf8 32. h3 Qh6 33. Kg2 Bc8 34. Bc3 Kh8 35. Be1 Bxg4 36. Qxg4 Rg8 37. Bd7 Qh7 38. Rxf4 Rxg4+ 39. Rxg4 Qxd7 40. Bg3 Qc7 41. Rg5 Qc2+ 42. Kf3 Qd3+ 43. Kg4 Qxe4+ 44. Kh5 Qh7+ 45. Kg4 Qe4+ 46. Kh5 Qh7+ 47. Kg4 Qe4+ 1/2-1/2


[Site "https://www.chess.com"]

[Event "Titled Tuesday Blitz April 26 Early 2022"]
[White "Nakamura, Hikaru"]
[Black "Alekseenko, Kirill"]
[WhiteFideId "2016192"]
[BlackFideId "4135539"]
[WhiteElo "2850"]
[BlackElo "2682"]
[Result "1-0"]
[Round "09"]
[TimeControl "180+1"]
[Date "2022.04.26"]
[WhiteClock "0:00:56"]
[BlackClock "0:00:18"]

1. Nf3 d5 2. e3 c5 3. b3 e6 4. Bb2 Nc6 5. d4 cxd4 6. Nxd4 Nf6 7. Nxc6 bxc6 8. Be2 Bd6 9. c4 O-O 10. O-O e5 11. cxd5 cxd5 12. Nc3 Be6 13. Rc1 a6 14. Na4 Qe7 15. Rc6 a5 16. Qa1 Nd7 17. Rd1 Rac8 18. Rxc8 Rxc8 19. Nc3 d4 20. Nb5 Bb8 21. exd4 exd4 22. Nxd4 Bd5 23. Bf3 Qd6 24. g3 Bxf3 25. Nxf3 Qe6 26. Bxg7 Qg4 27. Bb2 Qf4 28. gxf4 1-0


[Site "https://www.chess.com"]

[Event "Titled Tuesday Blitz April 26 Early 2022"]
[White "Narayanan, Srinath"]
[Black "Sirosh, Ilja"]
[WhiteFideId "5018420"]
[BlackFideId "4500458"]
[WhiteElo "2472"]
[BlackElo "2241"]
[Result "1-0"]
[Round "09"]
[TimeControl "180+1"]
[Date "2022.04.26"]
[WhiteClock "0:01:36"]
[BlackClock "0:00:23"]

1. e4 c5 2. Nf3 d6 3. d4 cxd4 4. Nxd4 Nf6 5. Nc3 a6 6. h3 e5 7. Nde2 h5 8. Bg5 Be7 9. g3 Nbd7 10. Bg2 b5 11. a3 Rb8 12. O-O O-O 13. Kh1 a5 14. a4 b4 15. Nb5 Ba6 16. c4 bxc3 17. Nexc3 Nxe4 18. Bxe7 Nxc3 19. Qxd6 Nxb5 20. axb5 Rb6 21. Qa3 Qb8 22. bxa6 Re8 23. Qxa5 Qa7 24. Bg5 Rxb2 25. Be3 1-0


[Site "https://www.chess.com"]

[Event "Titled Tuesday Blitz April 26 Early 2022"]
[White "Nguyen, Hong Anh"]
[Black "Papasimakopoulos, Alexandros"]
[WhiteFideId "12406732"]
[BlackFideId "4244125"]
[WhiteElo "2016"]
[BlackElo "2340"]
[Result "0-1"]
[Round "09"]
[TimeControl "180+1"]
[Date "2022.04.26"]
[WhiteClock "0:00:53"]
[BlackClock "0:00:23"]

1. d4 e6 2. Nf3 Nf6 3. g3 b5 4. Bg2 Bb7 5. O-O c5 6. dxc5 Bxc5 7. a4 b4 8. c4 bxc3 9. Nxc3 O-O 10. Bf4 d5 11. Rc1 Na6 12. Nb5 Qb6 13. Ne5 Rfd8 14. Bg5 Be7 15. Be3 Qa5 16. Nc6 Bxc6 17. Rxc6 Rd7 18. Bd4 Nb4 19. Rc1 a6 20. Nc3 Qd8 21. e3 Rc8 22. Qe2 h6 23. Rfd1 Rb8 24. Bf3 Kf8 25. Be5 Bd6 26. Bxd6+ Rxd6 27. e4 dxe4 28. Nxe4 Nxe4 29. Qxe4 Kg8 30. Qf4 Nd3 31. Rxd3 Rxd3 32. Kg2 Rd4 33. Qe5 Qd6 34. Qe2 Rd2 35. Qe4 f5 36. Qe3 Rbxb2 37. Rf1 Kh7 38. h4 Qd4 39. Qxe6 Rxf2+ 40. Kh3 Rh2# 0-1


[Site "https://www.chess.com"]

[Event "Titled Tuesday Blitz April 26 Early 2022"]
[White "Ning, Kaiyu"]
[Black "Swiercz, Dariusz"]
[WhiteFideId "8614750"]
[BlackFideId "1126881"]
[WhiteElo "2013"]
[BlackElo "2627"]
[Result "0-1"]
[Round "09"]
[TimeControl "180+1"]
[Date "2022.04.26"]
[WhiteClock "0:01:06"]
[BlackClock "0:01:50"]

1. d4 d5 2. c4 c6 3. Nf3 Nf6 4. e3 Bg4 5. h3 Bxf3 6. Qxf3 e6 7. Bd3 Bb4+ 8. Nd2 O-O 9. O-O Nbd7 10. a3 Ba5 11. b4 Bc7 12. e4 dxe4 13. Nxe4 Nxe4 14. Qxe4 Nf6 15. Qh4 Re8 16. Bb2 h6 17. Rad1 a5 18. Bb1 axb4 19. axb4 Qd6 20. g3 Qxb4 21. Bc1 Qxb1 22. Bf4 Qh7 0-1


[Site "https://www.chess.com"]

[Event "Titled Tuesday Blitz April 26 Early 2022"]
[White "Nozdrachev, Leonid"]
[Black "Seifert, Henryk"]
[WhiteFideId "24113433"]
[BlackFideId "1100963"]
[WhiteElo "2242"]
[BlackElo "2120"]
[Result "1-0"]
[Round "09"]
[TimeControl "180+1"]
[Date "2022.04.26"]
[WhiteClock "0:01:04"]
[BlackClock "0:00:02"]

1. e4 e6 2. Nf3 d5 3. e5 c5 4. b4 cxb4 5. a3 Nc6 6. axb4 Bxb4 7. c3 Be7 8. d4 Nh6 9. Bxh6 gxh6 10. Bd3 f5 11. exf6 Bxf6 12. O-O O-O 13. Re1 Kh8 14. Ra2 Rg8 15. Rae2 Bd7 16. c4 Nb4 17. Nc3 Nxd3 18. Qxd3 dxc4 19. Qxc4 Bc6 20. Ne4 Bd5 21. Qd3 Rc8 22. Ne5 Bxe5 23. dxe5 Bc4 24. Qxd8 Rgxd8 25. Re3 Bd5 26. Nd6 Rc7 27. h4 a6 28. Rb1 b5 29. Rb4 1-0


[Site "https://www.chess.com"]

[Event "Titled Tuesday Blitz April 26 Early 2022"]
[White "Nurmanova, Alua"]
[Black "Kucuksari, Kaan"]
[WhiteFideId "13729390"]
[BlackFideId "6380166"]
[WhiteElo "1905"]
[BlackElo "2305"]
[Result "1-0"]
[Round "09"]
[TimeControl "180+1"]
[Date "2022.04.26"]
[WhiteClock "0:00:15"]
[BlackClock "0:00:17"]

1. e4 c5 2. Nf3 Nc6 3. d4 cxd4 4. Nxd4 g6 5. Nc3 Bg7 6. Be3 Nf6 7. Nxc6 bxc6 8. e5 Nd5 9. Nxd5 cxd5 10. Qxd5 Rb8 11. Bc4 O-O 12. O-O Rxb2 13. Bb3 Qc7 14. Bd4 Bb7 15. Qb5 Bc6 16. Qe2 Rxb3 17. axb3 Qb7 18. Rxa7 Qb4 19. Bb2 Qh4 20. f3 h5 21. Rd1 Qb4 22. Qf2 h4 23. Ba3 Qc3 24. Bxe7 Re8 25. Qc5 Bxe5 26. Qxc3 Bxc3 27. Bxh4 Re2 28. Ra2 Kh7 29. Bf2 g5 30. Bd4 Bb4 31. Rb2 Ba3 32. Ra2 Bb4 33. Rda1 Bd6 34. c3 Re6 35. Kf2 Kg6 36. Re1 g4 37. Rxe6+ fxe6 38. fxg4 Bf4 39. g3 Bh6 40. c4 Bf8 41. Rb2 Kg5 42. b4 Kxg4 43. b5 Be4 44. c5 e5 45. Be3 d5 46. cxd6 Bxd6 47. b6 Bb7 48. Rd2 Bb4 49. Rd7 Be4 50. Rg7+ Kh3 51. b7 Bd6 52. Rd7 Bb8 53. Rd8 Bxb7 54. Rxb8 Be4 55. Rh8+ Kg4 56. Rh4+ Kf5 57. Rxe4 Kxe4 58. g4 Kd5 59. h4 Ke6 60. Kf3 Kd5 61. h5 Ke6 62. Ke4 Kf6 63. g5+ Ke6 64. h6 Kf7 65. Kxe5 Kg6 66. Kf4 Kh7 67. Kf5 Kg8 68. g6 Kh8 69. Bd4+ Kg8 70. h7+ Kf8 71. h8=Q+ Ke7 72. Qf6+ Kd7 73. g7 Kc7 1-0


[Site "https://www.chess.com"]

[Event "Titled Tuesday Blitz April 26 Early 2022"]
[White "O`Gorman, Tom"]
[Black "Onslow, Alfie"]
[WhiteFideId "2508249"]
[BlackFideId "436976"]
[WhiteElo "2247"]
[BlackElo "1884"]
[Result "0-1"]
[Round "09"]
[TimeControl "180+1"]
[Date "2022.04.26"]
[WhiteClock "0:00:35"]
[BlackClock "0:00:13"]

1. d4 Nf6 2. c4 c5 3. d5 b5 4. cxb5 a6 5. bxa6 g6 6. Nc3 Bg7 7. e4 O-O 8. Be2 Qa5 9. a7 Qxa7 10. Nf3 d6 11. O-O Ba6 12. Nd2 Nbd7 13. a4 Rfb8 14. Ra3 Rb4 15. b3 Ne8 16. Bxa6 Qxa6 17. Qc2 Nc7 18. Bb2 Qb7 19. Nc4 Nb6 20. Nxb6 Qxb6 21. f3 c4+ 22. Kh1 cxb3 23. Qd3 Na6 24. a5 Qb7 25. Rb1 Nc5 26. Qe2 Qa6 27. Qxa6 Rxa6 28. Ne2 Rb5 29. Bxg7 Kxg7 30. Nd4 Rbxa5 31. Rxa5 Rxa5 32. h3 Ra3 33. Kg1 h5 34. Kf1 h4 35. Ke2 Ra2+ 36. Kf1 b2 37. Nb5 Ra1 38. Nc3 Nd3 39. Ke2 Nf4+ 40. Kf2 Rxb1 41. Nxb1 Kf6 42. Nd2 Ke5 43. Ke3 Nxg2+ 44. Kd3 Nf4+ 45. Kc3 Nxh3 46. Kxb2 Nf2 47. Kc3 h3 48. Nc4+ Kf4 49. Kd2 h2 50. Ke2 h1=Q 51. Kxf2 Qh2+ 52. Ke1 Qa2 53. Nd2 Ke3 54. Nf1+ Kxf3 55. Nd2+ Ke3 56. Nf1+ Kd4 57. Nd2 Ke5 58. Ke2 g5 59. Ke3 g4 60. Kd3 Qxd2+ 61. Kxd2 Kxe4 62. Ke2 Kxd5 63. Kf2 Ke4 64. Kg3 d5 65. Kh4 Ke3 66. Kg5 d4 67. Kh6 d3 68. Kg7 d2 69. Kf8 d1=Q 70. Ke8 Ke4 71. Kf8 Ke5 72. Ke8 Ke6 73. Kf8 Qd8+ 74. Kg7 f5 75. Kh7 Qf8 76. Kg6 Qf7+ 77. Kh6 Qg8 78. Kh5 g3 79. Kh4 g2 80. Kh3 g1=Q 81. Kh4 Qh1# 0-1


[Site "https://www.chess.com"]

[Event "Titled Tuesday Blitz April 26 Early 2022"]
[White "Odegov, Artem"]
[Black "Elgersma, Onno"]
[WhiteFideId "34183644"]
[BlackFideId "1053531"]
[WhiteElo "2286"]
[BlackElo "2304"]
[Result "0-1"]
[Round "09"]
[TimeControl "180+1"]
[Date "2022.04.26"]
[WhiteClock "0:00:03"]
[BlackClock "0:00:20"]

1. d4 Nf6 2. c4 e6 3. Nf3 d5 4. Nc3 c5 5. cxd5 exd5 6. g3 Nc6 7. Bg5 cxd4 8. Nxd4 Bc5 9. Nb3 Bxf2+ 10. Kxf2 Ng4+ 11. Kg1 Qxg5 12. Nxd5 O-O 13. Bg2 Be6 14. Qc1 Qd8 15. e4 Bxd5 16. exd5 Nb4 17. Qc5 Qg5 18. h3 Rac8 19. Qxa7 Ne3 20. Re1 Nbc2 21. Re2 Qxg3 22. h4 Nxg2 23. Rxg2 Qe1+ 24. Kh2 Qxh4+ 25. Kg1 Qe1+ 26. Kh2 Qe5+ 27. Rg3 Ne1 28. Qf2 Rc2 29. Nd2 Rxd2 30. Qxd2 Nf3+ 31. Kh3 Nxd2 32. Rhg1 g6 33. Rd3 0-1


[Site "https://www.chess.com"]

[Event "Titled Tuesday Blitz April 26 Early 2022"]
[White "Oganian, Miran"]
[Black "Tasev, Dejan"]
[WhiteFideId "4122488"]
[BlackFideId "936618"]
[WhiteElo "2357"]
[BlackElo "2253"]
[Result "0-1"]
[Round "09"]
[TimeControl "180+1"]
[Date "2022.04.26"]
[WhiteClock "0:00:31"]
[BlackClock "0:00:30"]

1. e4 c6 2. d4 d5 3. f3 g6 4. Nc3 Bg7 5. Be3 dxe4 6. fxe4 Nf6 7. Nf3 O-O 8. Bc4 b5 9. Bd3 a5 10. O-O b4 11. Ne2 Nbd7 12. Kh1 c5 13. e5 Ng4 14. Bg1 cxd4 15. Be4 Rb8 16. Nexd4 Ngxe5 17. Ng5 Nf6 18. Qe1 Nxe4 19. Nxe4 Qc7 20. h3 Ba6 21. Rf2 Rfd8 22. c3 bxc3 23. bxc3 Nd3 24. Qf1 Nxf2+ 25. Qxf2 Bc4 26. Bh2 Qb7 27. Bxb8 Rxb8 28. Re1 Bd5 29. Ng5 h6 30. Ngf3 Bf6 31. Ne5 Qb2 32. Re2 Qxc3 33. Nef3 Rb1+ 34. Kh2 Qc7+ 35. g3 Bxd4 36. Qg2 Bf6 37. Qf2 Qc1 38. g4 Bxf3 39. Rc2 Be5+ 40. Qg3 Qh1# 0-1


[Site "https://www.chess.com"]

[Event "Titled Tuesday Blitz April 26 Early 2022"]
[White "Okike, David"]
[Black "Avalos Parra, Joao"]
[WhiteFideId "8500134"]
[BlackFideId "3402541"]
[WhiteElo "2232"]
[BlackElo "2173"]
[Result "1-0"]
[Round "09"]
[TimeControl "180+1"]
[Date "2022.04.26"]
[WhiteClock "0:00:08"]
[BlackClock "0:00:06"]

1. e4 c6 2. d4 d5 3. e5 Bf5 4. g4 Bg6 5. h4 h5 6. e6 hxg4 7. Qxg4 Nh6 8. Qd1 Qd6 9. exf7+ Nxf7 10. Nf3 Nd7 11. Nc3 O-O-O 12. Bh3 Kb8 13. Qe2 e5 14. Bxd7 exd4 15. Qe6 dxc3 16. Qxd6+ Bxd6 17. Bg4 Rhe8+ 18. Kf1 Nh6 19. Bh3 Be4 20. Bg2 Rf8 21. Ng5 Bc5 22. f3 Bxc2 23. bxc3 Bd3+ 24. Ke1 Rde8+ 25. Kd1 Nf5 26. Bd2 Bf2 27. Bf4+ Ka8 28. Kd2 Bc4 29. Bf1 Ng3 30. Bxg3 Bxg3 31. Bxc4 dxc4 32. Rag1 Bf4+ 33. Kd1 Rd8+ 34. Kc2 Rd2+ 35. Kb1 Re8 36. Ne4 Rd3 37. Rf1 a5 38. a4 Ka7 39. Rhg1 Be5 40. Kc2 Red8 41. Rg5 b5 42. Rxe5 b4 43. Rxa5+ Kb6 44. cxb4 Rb3 45. Rc5 Rxb4 46. a5+ Kb7 47. Kc3 Ra4 48. Rb1+ Kc7 49. Rxc4 Ra3+ 50. Kb4 Rxf3 51. Rbc1 Rb8+ 52. Ka4 Rf6 53. Nc5 Rf2 54. Na6+ Kb7 55. Nxb8 Ra2+ 56. Kb4 Rxa5 57. Kxa5 1-0


[Site "https://www.chess.com"]

[Event "Titled Tuesday Blitz April 26 Early 2022"]
[White "Petrova, Irina"]
[Black "Noboa Silva, Kevin"]
[WhiteFideId "14124122"]
[BlackFideId "3618471"]
[WhiteElo "1993"]
[BlackElo "2172"]
[Result "0-1"]
[Round "09"]
[TimeControl "180+1"]
[Date "2022.04.26"]
[WhiteClock "0:00:04"]
[BlackClock "0:00:04"]

1. e4 e6 2. d4 d5 3. Nc3 Nf6 4. Bg5 Be7 5. e5 Nfd7 6. Bxe7 Qxe7 7. f4 a6 8. Nf3 c5 9. Bd3 Nc6 10. dxc5 Nxc5 11. Qd2 b5 12. a3 Bb7 13. O-O O-O 14. Ne2 Ne4 15. Qe3 Na5 16. Nfd4 Rac8 17. b3 Rc7 18. Kh1 Rfc8 19. Bxe4 dxe4 20. Qg3 g6 21. f5 exf5 22. Nxf5 Qe6 23. Nh6+ Kg7 24. Nf5+ Kh8 25. Nd6 Rf8 26. Nd4 Qe7 27. N4f5 gxf5 28. Nxf5 Rg8 29. Nxe7 Rxg3 30. hxg3 Rxe7 31. Rad1 Kg7 32. Rf4 Nc6 33. Rxe4 Nxe5 34. Red4 f6 35. c4 bxc4 36. bxc4 Kf7 37. c5 Bc6 38. Rd6 Bb5 39. a4 Bc6 40. Rf1 Re6 41. a5 Rxd6 42. cxd6 Ke6 43. Kg1 Nd7 44. Rd1 Bd5 45. Kf2 Kxd6 46. Rh1 Be4 47. Ke3 Bg6 48. Rb1 Kc6 49. Kf4 Bxb1 0-1


[Site "https://www.chess.com"]

[Event "Titled Tuesday Blitz April 26 Early 2022"]
[White "Petrovskyi, Vadym"]
[Black "Guseva, Marina"]
[WhiteFideId "14165210"]
[BlackFideId "4149351"]
[WhiteElo "2400"]
[BlackElo "2071"]
[Result "1-0"]
[Round "09"]
[TimeControl "180+1"]
[Date "2022.04.26"]
[WhiteClock "0:00:47"]
[BlackClock "0:00:15"]

1. e4 c5 2. Nf3 Nc6 3. Bb5 d6 4. d4 cxd4 5. Nxd4 Bd7 6. Nc3 Nf6 7. Bg5 e6 8. Qd3 Be7 9. O-O-O Rc8 10. Bxc6 Bxc6 11. Rhe1 a6 12. Kb1 O-O 13. f4 h6 14. Bh4 Nxe4 15. Bxe7 Nxc3+ 16. Qxc3 Qxe7 17. Nf5 Qf6 18. Qxf6 gxf6 19. Ne7+ Kg7 20. Nxc8 Rxc8 21. Rxd6 f5 22. Kc1 Kf6 23. Re2 h5 24. Red2 Ke7 25. g3 Rh8 26. b3 h4 27. R6d3 Kf6 28. Kb2 Be4 29. Rd8 Rh7 30. Rc8 hxg3 31. hxg3 Rg7 32. Rc3 Rh7 33. a4 Rh1 34. Rd7 Rh7 35. Rcc7 Rg7 36. Rc3 Bc6 37. Rc7 Bd5 38. a5 Kg6 39. Re3 Kh5 40. c4 Be4 41. b4 Kg4 42. b5 axb5 43. cxb5 Rh7 44. Kc3 Bd5 45. Kd4 Rh1 46. Kc5 Rc1+ 47. Kb6 Ra1 48. Rxf7 1-0


[Site "https://www.chess.com"]